MLB
BALTIMORE ORIOLES @ NEW YORK YANKEES
09/22/2045
 
TOP OF THE 1ST
Baltimore Orioles batting - Pitching for New York Yankees : RHP John Brice
Pitching: RHP John Brice
Batting: RHB Andres Leon 0-0: Ball
1-0: Foul Ball, location: 2F
1-1: Swinging Strike
1-2: Foul Ball, location: 2F
1-2: Strikes out swinging
Batting: RHB Marc Peckermark 0-0: Bunted foul
0-1: Fly out, F9 (Line Drive, 9, EV 97.5 MPH)
Batting: RHB Saimei Kudo 0-0: Called Strike
0-1: SINGLE (Line Drive, 8RS, EV 86.2 MPH)
Batting: SHB Jason Hayes 0-0: Called Strike
0-1: Swinging Strike
0-2: Ball
1-2: Ball
2-2: Ball
3-2: Strikes out looking
Top of the 1st over - 0 runs, 1 hit, 0 errors, 1 left on base; Baltimore 0 - New York 0
BOTTOM OF THE 1ST
New York Yankees batting - Pitching for Baltimore Orioles : RHP Kevin Cushman
Pitching: RHP Kevin Cushman
Batting: LHB Jason Peck 0-0: Ball
1-0: Ball
2-0: Foul Ball, location: 2F
2-1: Fly out, F9 (Line Drive, 9, EV 93.8 MPH)
Batting: LHB Jordan de Jesus 0-0: DOUBLE (Line Drive, 5D, EV 93.8 MPH)
Batting: SHB Bartholomeu Chambino 0-0: Ball
1-0: Ground out 5-3 (Groundball, 6, EV 107.5 MPH)
Batting: LHB Jim Skare 0-0: Ball
1-0: Ball
2-0: Ball
3-0: Called Strike
3-1: Ground out 6-3 (Groundball, 6, EV 81.2 MPH)
Bottom of the 1st over - 0 runs, 1 hit, 0 errors, 1 left on base; Baltimore 0 - New York 0
TOP OF THE 2ND
Baltimore Orioles batting - Pitching for New York Yankees : RHP John Brice
Batting: LHB Brad Pepin 0-0: Ball
1-0: Swinging Strike
1-1: Ball
2-1: SINGLE (Flyball, 7LS, EV 98.1 MPH)
Batting: SHB Robert Handy 0-0: Ball
1-0: Ball
2-0: Called Strike
2-1: Foul Ball, location: 2F
2-2: Strikes out swinging
Batting: LHB Paul Diaz 0-0: Ball
1-0: Foul Ball, location: 2F
1-1: Ball
2-1: Swinging Strike
2-2: DOUBLE (Flyball, 89XD, EV 110.0 MPH)
Brad Pepin to third
Runner from 3rd tries for Home, SAFE, throw by CF to trailing runner, SAFE at third!
Batting: LHB Bob Melley 0-0: Called Strike
0-1: Called Strike
0-2: Foul Ball, location: 2F
0-2: DOUBLE (Line Drive, 78D, EV 111.9 MPH)
Paul Diaz scores
Batting: RHB Ruben Garza 0-0: Called Strike
0-1: SINGLE (Line Drive, 6MD, EV 97.5 MPH)
Bob Melley to third
Throwing error, E8
Bob Melley scores
Ruben Garza to second
Batting: RHB Andres Leon 0-0: Ball
1-0: Ball
2-0: Called Strike
2-1: Fly out, F8 (Flyball, 8RXD, EV 96.2 MPH)
Runner from 2nd tags up, SAFE at 3rd, no throw by CF
Batting: RHB Marc Peckermark 0-0: Ball
1-0: Ball
2-0: Ground out U3 (Groundball, 34S, EV 80.6 MPH)
Top of the 2nd over - 3 runs, 4 hits, 1 error, 1 left on base; Baltimore 3 - New York 0
BOTTOM OF THE 2ND
New York Yankees batting - Pitching for Baltimore Orioles : RHP Kevin Cushman
Batting: LHB Yao-pang Tien 0-0: Called Strike
0-1: Ball
1-1: Ball
2-1: Ball
3-1: Called Strike
3-2: Fly out, F9 (Flyball, 89S, EV 85.0 MPH)
Batting: RHB Geni Prawiranega 0-0: Called Strike
0-1: Swinging Strike
0-2: Ball
1-2: Ground out 6-3 (Groundball, 56D, EV 103.1 MPH)
Batting: LHB David Bramble 0-0: Called Strike
0-1: Fly out, F9 (Line Drive, 9, EV 91.2 MPH)
Bottom of the 2nd over - 0 runs, 0 hits, 0 errors, 0 left on base; Baltimore 3 - New York 0
TOP OF THE 3RD
Baltimore Orioles batting - Pitching for New York Yankees : RHP John Brice
Batting: RHB Saimei Kudo 0-0: Ball
1-0: Ball
2-0: Ball
3-0: Base on Balls
Batting: SHB Jason Hayes 0-0: Called Strike
Saimei Kudo is caught stealing 2nd base 2-6
0-1: Ball
1-1: Ball
2-1: Ball
3-1: SINGLE (Groundball, 4D, EV 105.6 MPH)
Batting: LHB Brad Pepin 0-0: Ball
1-0: Ball
2-0: Ball
3-0: Called Strike
3-1: Grounds into double play, 3-6-3 (Groundball, 3, EV 91.2 MPH)
Top of the 3rd over - 0 runs, 1 hit, 0 errors, 0 left on base; Baltimore 3 - New York 0
BOTTOM OF THE 3RD
New York Yankees batting - Pitching for Baltimore Orioles : RHP Kevin Cushman
Batting: RHB Sean Neuroth 0-0: Ball
1-0: Ball
2-0: Foul Ball, location: 2F
2-1: SOLO HOME RUN (Flyball, 89XD, EV 100.0 MPH), Distance : 394 ft
Batting: RHB Russ Shambaugh 0-0: Bunted foul
0-1: SINGLE (Groundball, 6D, EV 104.4 MPH)
Batting: LHB Jason Peck 0-0: Ball
1-0: Fly out, F8 (Flyball, 8LM, EV 92.5 MPH)
Batting: LHB Jordan de Jesus 0-0: DOUBLE (Groundball, 5L, EV 100.6 MPH)
Russ Shambaugh to third
Runner from 3rd tries for Home, SAFE, throw by LF to trailing runner, OUT at third! 7-3-5
Batting: SHB Bartholomeu Chambino 0-0: Foul Ball, location: 2F
0-1: Foul Ball, location: 2F
0-2: Hit by Pitch
Batting: LHB Jim Skare 0-0: Ball
1-0: Foul Ball, location: 2F
1-1: Called Strike
1-2: Strikes out swinging
Bottom of the 3rd over - 2 runs, 3 hits, 0 errors, 1 left on base; Baltimore 3 - New York 2
TOP OF THE 4TH
Baltimore Orioles batting - Pitching for New York Yankees : RHP John Brice
Batting: SHB Robert Handy 0-0: Ball
1-0: Ball
2-0: Called Strike
2-1: Called Strike
2-2: Ball
3-2: SOLO HOME RUN (Flyball, 9D, EV 105.6 MPH) (Inside the Park)
Batting: LHB Paul Diaz 0-0: Ball
1-0: Ball
2-0: Ball
3-0: Called Strike
3-1: Called Strike
3-2: SINGLE (Flyball, 5D, EV 91.2 MPH)
Batting: LHB Bob Melley 0-0: Called Strike
0-1: Grounds into double play, 5-4-3 (Groundball, 56S, EV 81.9 MPH)
Batting: RHB Ruben Garza 0-0: Ball
1-0: Called Strike
1-1: Foul Ball, location: 2F
1-2: Fly out, F5 (Popup, 25, EV 93.8 MPH)
Top of the 4th over - 1 run, 2 hits, 0 errors, 0 left on base; Baltimore 4 - New York 2
BOTTOM OF THE 4TH
New York Yankees batting - Pitching for Baltimore Orioles : RHP Kevin Cushman
Batting: LHB Yao-pang Tien 0-0: Called Strike
0-1: Ground out 4-3 (Groundball, 4, EV 105.0 MPH)
Batting: RHB Geni Prawiranega 0-0: Ball
1-0: Called Strike
1-1: Ground out 6-3 (Groundball, 6, EV 75.6 MPH)
Batting: LHB David Bramble 0-0: Called Strike
0-1: Ball
1-1: Called Strike
1-2: Ball
2-2: Ground out 4-3 (Groundball, 34, EV 96.2 MPH)
Bottom of the 4th over - 0 runs, 0 hits, 0 errors, 0 left on base; Baltimore 4 - New York 2
TOP OF THE 5TH
Baltimore Orioles batting - Pitching for New York Yankees : RHP John Brice
Batting: RHB Andres Leon 0-0: Called Strike
0-1: Called Strike
0-2: Ground out U3 (Groundball, 34, EV 97.5 MPH)
Batting: RHB Marc Peckermark 0-0: Ball
1-0: Foul Ball, location: 2F
1-1: Called Strike
1-2: Strikes out swinging
Batting: RHB Saimei Kudo 0-0: Ball
1-0: Reached on error, E2 (Popup, 2R, EV 95.6 MPH)
Pitching: RHP Karel Heuvelink
Batting: SHB Jason Hayes 0-0: Ball
1-0: Ball
2-0: Ball
3-0: Base on Balls
Saimei Kudo to second
Batting: LHB Brad Pepin 0-0: Ball
1-0: Ball
2-0: DOUBLE (Line Drive, 8RD, EV 88.1 MPH)
Saimei Kudo scores
Jason Hayes to third
Runner from 3rd tries for Home, SAFE, no throw by CF
Batting: SHB Robert Handy 0-0: Ball
1-0: Ball
2-0: Fly out, F8 (Line Drive, 8RM, EV 90.6 MPH)
Top of the 5th over - 2 runs, 1 hit, 1 error, 1 left on base; Baltimore 6 - New York 2
BOTTOM OF THE 5TH
New York Yankees batting - Pitching for Baltimore Orioles : RHP Kevin Cushman
Batting: RHB Sean Neuroth 0-0: SINGLE (Line Drive, 9S, EV 89.4 MPH)
Batting: RHB Russ Shambaugh 0-0: Called Strike
0-1: Ball
1-1: Fly out, F3 (Popup, 3SF, EV 73.1 MPH)
Batting: LHB Jason Peck 0-0: Grounds into double play, 4-6-3 (Groundball, 13, EV 80.0 MPH)
Bottom of the 5th over - 0 runs, 1 hit, 0 errors, 0 left on base; Baltimore 6 - New York 2
TOP OF THE 6TH
Baltimore Orioles batting - Pitching for New York Yankees : RHP Karel Heuvelink
Batting: LHB Paul Diaz 0-0: Swinging Strike
0-1: Ball
1-1: Ball
2-1: Called Strike
2-2: Foul Ball, location: 2F
2-2: Foul Ball, location: 2F
2-2: Foul Ball, location: 2F
2-2: Strikes out swinging
Batting: LHB Bob Melley 0-0: Fly out, F5 (Flyball, 56D, EV 84.4 MPH)
Batting: RHB Ruben Garza 0-0: Ground out 6-3 (Groundball, 6, EV 92.5 MPH)
Top of the 6th over - 0 runs, 0 hits, 0 errors, 0 left on base; Baltimore 6 - New York 2
BOTTOM OF THE 6TH
New York Yankees batting - Pitching for Baltimore Orioles : RHP Kevin Cushman
Batting: LHB Jordan de Jesus 0-0: Ball
1-0: Called Strike
1-1: Foul Ball, location: 2F
1-2: Strikes out swinging
Batting: SHB Bartholomeu Chambino 0-0: Ball
1-0: Ball
2-0: Ball
3-0: Called Strike
3-1: Base on Balls
Batting: LHB Jim Skare 0-0: Ball
1-0: Called Strike
1-1: Called Strike
1-2: Ball
Bartholomeu Chambino is caught stealing 2nd base 2-6
2-2: Foul Ball, location: 2F
2-2: Ball
3-2: SINGLE (Line Drive, 78S, EV 105.6 MPH)
Batting: LHB Yao-pang Tien 0-0: Swinging Strike
0-1: Ball
1-1: Swinging Strike
1-2: Foul Ball, location: 2F
1-2: Ball
2-2: Ball
3-2: Foul Ball, location: 2F
3-2: SINGLE (Groundball, 56D, EV 102.5 MPH)
Jim Skare to second
Jim Skare to third
Batting: RHB Geni Prawiranega 0-0: Ball
1-0: Called Strike
1-1: DOUBLE (Flyball, 8LXD, EV 91.9 MPH)
Jim Skare scores
Yao-pang Tien to third
Runner from 3rd tries for Home, SAFE, no throw by CF
Batting: LHB David Bramble 0-0: Called Strike
0-1: Foul Ball, location: 2F
0-2: Fly out, F9 (Flyball, 89D, EV 84.4 MPH)
Bottom of the 6th over - 2 runs, 3 hits, 0 errors, 1 left on base; Baltimore 6 - New York 4
TOP OF THE 7TH
Baltimore Orioles batting - Pitching for New York Yankees : RHP Karel Heuvelink
Pitching: RHP Tom Kelley
Batting: RHB Andres Leon 0-0: Swinging Strike
0-1: Ball
1-1: Ball
2-1: Ball
3-1: Foul Ball, location: 2F
3-2: Foul Ball, location: 2F
3-2: Foul Ball, location: 2F
3-2: Base on Balls
Batting: RHB Marc Peckermark 0-0: Ball
1-0: Bunted foul
1-1: Sac Bunt to 15S - play at first, batter OUT! 1-4
Andres Leon to second
Batting: RHB Saimei Kudo 0-0: Ball
1-0: Swinging Strike
1-1: Foul Ball, location: 2F
1-2: Strikes out swinging
Batting: SHB Jason Hayes 0-0: Called Strike
0-1: Swinging Strike
0-2: Ball
1-2: Ball
2-2: Ball
3-2: Foul Ball, location: 2F
3-2: Foul Ball, location: 2F
3-2: Foul Ball, location: 2F
3-2: Base on Balls
Pitching: LHP Jose Carmona
Batting: LHB Brad Pepin 0-0: Foul Ball, location: 2F
0-1: Swinging Strike
0-2: Ball
1-2: Foul Ball, location: 2F
1-2: Foul Ball, location: 2F
1-2: Foul Ball, location: 2F
1-2: Foul Ball, location: 2F
1-2: Strikes out swinging
Top of the 7th over - 0 runs, 0 hits, 0 errors, 2 left on base; Baltimore 6 - New York 4
BOTTOM OF THE 7TH
New York Yankees batting - Pitching for Baltimore Orioles : RHP Kevin Cushman
Batting: RHB Sean Neuroth 0-0: Ball
1-0: Ball
2-0: Ground out U3 (Groundball, 34, EV 100.6 MPH)
Batting: RHB Russ Shambaugh 0-0: Called Strike
0-1: Ball
1-1: Ball
2-1: Ball
3-1: Called Strike
3-2: DOUBLE (Line Drive, 78D, EV 101.2 MPH)
Batting: LHB Jason Peck 0-0: Foul Ball, location: 2F
0-1: Called Strike
0-2: Strikes out looking
Batting: LHB Jordan de Jesus 0-0: Ball
1-0: Ground out 6-3 (Groundball, 6, EV 103.8 MPH)
Bottom of the 7th over - 0 runs, 1 hit, 0 errors, 1 left on base; Baltimore 6 - New York 4
TOP OF THE 8TH
Baltimore Orioles batting - Pitching for New York Yankees : LHP Jose Carmona
Batting: SHB Robert Handy 0-0: Foul Ball, location: 2F
0-1: Foul Ball, location: 2F
0-2: Ball
1-2: Ball
2-2: Fly out, F9 (Flyball, 9LM, EV 96.9 MPH)
Batting: RHB Orlando Melchor 0-0: Foul Ball, location: 2F
0-1: Ball
1-1: Foul Ball, location: 2F
1-2: Fly out, F8 (Flyball, 8LD, EV 104.4 MPH)
Batting: LHB Bob Melley 0-0: Ball
1-0: Foul Ball, location: 2F
1-1: Foul Ball, location: 2F
1-2: Ball
2-2: DOUBLE (Line Drive, 78D, EV 107.5 MPH)
Pitching: LHP David Ibarra
Batting: RHB Ruben Garza 0-0: Ball
1-0: Foul Ball, location: 2F
1-1: Ball
2-1: Foul Ball, location: 2F
2-2: Strikes out swinging
Top of the 8th over - 0 runs, 1 hit, 0 errors, 1 left on base; Baltimore 6 - New York 4
BOTTOM OF THE 8TH
New York Yankees batting - Pitching for Baltimore Orioles : RHP Kevin Cushman
Batting: SHB Bartholomeu Chambino 0-0: Ground out 4-3 (Groundball, 4D, EV 84.4 MPH)
Batting: LHB Jim Skare 0-0: Foul Ball, location: 2F
0-1: Ball
1-1: Called Strike
1-2: Foul Ball, location: 2F
1-2: Foul Ball, location: 2F
1-2: Foul Ball, location: 2F
1-2: Foul Ball, location: 2F
1-2: Strikes out swinging
Pitching: RHP Chris Dauphin
Batting: LHB Yao-pang Tien 0-0: Ball
1-0: Ball
2-0: Called Strike
2-1: Ground out U3 (Groundball, 34, EV 100.0 MPH)
Bottom of the 8th over - 0 runs, 0 hits, 0 errors, 0 left on base; Baltimore 6 - New York 4
TOP OF THE 9TH
Baltimore Orioles batting - Pitching for New York Yankees : LHP David Ibarra
Batting: RHB Andres Leon 0-0: Ball
1-0: Ground out 6-3 (Groundball, 6M, EV 83.8 MPH)
Batting: RHB Marc Peckermark 0-0: Ball
1-0: Ball
2-0: Ball
3-0: Base on Balls
Batting: RHB Saimei Kudo 0-0: Ball
1-0: Called Strike
1-1: Ball
2-1: Foul Ball, location: 2F
2-2: Ball
3-2: Foul Ball, location: 2F
3-2: Fly out, F8 (Flyball, 8LS, EV 86.9 MPH)
Batting: SHB Jason Hayes Pickoff Throw to First - Error! E1
Marc Peckermark to second
0-0: Intentional Walk
Batting: LHB Brad Pepin 0-0: Called Strike
0-1: Ball
1-1: Foul Ball, location: 2F
1-2: Ball
2-2: Ball
3-2: SINGLE (Groundball, 25, EV 71.9 MPH) (infield hit)
Marc Peckermark to third
Jason Hayes to second
Batting: SHB Robert Handy 0-0: Ground out 5-3 (Groundball, 56S, EV 85.6 MPH)
Top of the 9th over - 0 runs, 1 hit, 1 error, 3 left on base; Baltimore 6 - New York 4
BOTTOM OF THE 9TH
New York Yankees batting - Pitching for Baltimore Orioles : RHP Chris Dauphin
Pitching: RHP David Silva
Batting: RHB Geni Prawiranega 0-0: Ball
1-0: Ball
2-0: Ball
3-0: Called Strike
3-1: Fly out, F8 (Flyball, 8RXD, EV 77.5 MPH)
Batting: LHB David Bramble 0-0: Swinging Strike
0-1: Ball
1-1: SINGLE (Groundball, 4S, EV 86.9 MPH) (infield hit)
Batting: RHB Sean Neuroth 0-0: Foul Ball, location: 2F
0-1: SINGLE (Flyball, 8RS, EV 94.4 MPH)
David Bramble to second
Batting: RHB Russ Shambaugh 0-0: Ball
1-0: Foul Ball, location: 2F
1-1: Ball
2-1: SINGLE (Line Drive, 34D, EV 102.5 MPH)
David Bramble to third
Sean Neuroth to second
Batting: LHB Jason Peck 0-0: Called Strike
0-1: Called Strike
0-2: Ball
1-2: Ball
2-2: Foul Ball, location: 2F
2-2: Foul Ball, location: 2F
2-2: Ball
3-2: Base on Balls
David Bramble scores
Sean Neuroth to third
Russ Shambaugh to second
Batting: LHB Jordan de Jesus 0-0: Ball
1-0: Ball
2-0: SINGLE (Groundball, 34D, EV 101.2 MPH)
Sean Neuroth scores
Russ Shambaugh to third
Jason Peck to second
Pitching: RHP Joon-ho Rhee
Batting: SHB Bartholomeu Chambino 0-0: Ball
1-0: Ball
2-0: Ball
3-0: Base on Balls
Russ Shambaugh scores
Jason Peck to third
Jordan de Jesus to second
Bottom of the 9th over - 3 runs, 4 hits, 0 errors, 0 left on base; Baltimore 6 - New York 7
Game Over ... New York defeats Baltimore, 7 to 6
Wednesday, June 22nd , 2022 - OOTP Baseball 23.4 Build 64